 Dungeon Crawl Stone Soup version 0.32-a0-931-g5a2cda0 (webtiles) character file.

Game seed: 5520415753549841132

16397 jkw2 the Basher (level 12, 0/110 HPs)
             Began as a Minotaur Berserker on Apr 13, 2024.
             Was a High Priest of Trog.
             Constricted to death by a naga warrior (8 damage)
             ... on level 1 of the Snake Pit.
             The game lasted 00:43:46 (11533 turns).

jkw2 the Basher (Minotaur Berserker)               Turns: 11533, Time: 00:43:49

Health: 0/110      AC: 19    Str: 25    XL:     12   Next: 9%
Magic:  8/8        EV:  2    Int:  4    God:    Trog [*****.]
Gold:   527        SH:  9    Dex: 10    Spells: 11/11 levels left

rFire   + . .        y - +4 mace of Hify {protect, +Blink rPois Will++}
rCold   . . .        D - +0 kite shield
rNeg    . . .        P - +2 steam dragon scales
rPois   +            (helmet restricted)
rElec   .            (no cloak)
rCorr   .            (no gloves)
SInv    .            x - +1 pair of boots
Will    ++++.        (no amulet)
Stlth   ++           t - ring of protection from fire
HPRegen 1.38/turn    N - ring of wizardry
MPRegen 0.11/turn

%: wizardry (x1)
@: lethally poisoned (0 -> -2), strong-willed, under a protective aura,
regenerating, constricted
A: horns 2, retaliatory headbutt, low MP 2, weak 1
a: Renounce Religion, Evoke Blink, Berserk, Trog's Hand, Brothers in Arms


You were on level 1 of the Snake Pit.
You worshipped Trog.
Trog was extremely pleased with you.
You visited 3 branches of the dungeon, and saw 12 of its levels.

You collected 587 gold pieces.
You spent 60 gold pieces at shops.

Inventory:

Hand Weapons
 a - a +0 mace
 y - the +4 mace of Hify (weapon) {protect, +Blink rPois Will++}
   (You found it on level 5 of the Dungeon)

   rPois:     It protects you from poison.
   Will++:    It greatly increases your willpower.
   +Blink:    It lets you blink.
 z - a +1 mace of protection
Missiles
 I - 2 curare-tipped darts
 J - a throwing net
Armour
 b - a +0 animal skin
 g - +0 ice dragon scales
 o - a +0 chain mail
 s - a +0 pair of boots
 x - a +1 pair of boots (worn)
 A - a +0 helmet
 D - a +0 kite shield (worn)
 L - an orb of mayhem
 P - +2 steam dragon scales (worn)
Magical Staves
 Q - a staff of fire
Jewellery
 t - a ring of protection from fire (left hand)
 N - a ring of wizardry (right hand)
Talismans
 j - a flux talisman
 O - a serpent talisman
Wands
 k - a wand of polymorph (14) (quivered)
 F - a wand of warping (9)
 K - a wand of mindburst (14)
Scrolls
 c - a scroll of immolation
 d - 4 scrolls of revelation
 e - 2 scrolls of identify
 f - a scroll of fear
 l - 4 scrolls of vulnerability
 p - 2 scrolls of fog
 v - 5 scrolls of teleportation
Potions
 h - 2 potions of haste {unknown}
 i - a potion of ambrosia
 q - 2 potions of enlightenment
 r - a potion of invisibility {unknown}
 w - 2 potions of might {unknown}
 B - 3 potions of curing
 C - a potion of resistance {unknown}
 E - a potion of cancellation {unknown}
 G - 2 potions of heal wounds {unknown}
 H - 2 potions of brilliance {unknown}
 R - a potion of attraction {unknown}


   Skills:
 + Level 11.6 Fighting
 - Level 14.0 Maces & Flails
 + Level 11.5 Armour
 + Level 7.9 Dodging
 + Level 2.9 Stealth
 + Level 6.8 Shields
 + Level 1.0 Evocations


You had 11 spell levels left.
You didn't know any spells.
Your spell library was empty.

Dungeon Overview and Level Annotations

Branches:
Dungeon (8/15)             Temple (0/1) D:7            Lair (3/5) D:8
  Snake (1/4) Lair:2
  Swamp: Lair:2-3    Shoals: Lair:2-3

Altars:
Dithmenos
Gozag
Kikubaaqudgha
Qazlal
Sif Muna
Uskayaw
Xom

Shops:
D:2 (   D:5 ?   D:8 (

Annotations:
Snake:1 1 transporter


Innate Abilities, Weirdness & Mutations

You have a pair of horns on your head.
You reflexively headbutt those who attack you in melee.
Your magical capacity is very low. (-20% MP)
You are weak. (Str -2)


Message History

You barely miss the naga warrior. You hit the naga warrior.
Your weapon exudes an aura of protection.
You headbutt the naga warrior.
The naga warrior is lightly wounded.
You block the naga warrior's attack. The naga warrior grabs you.
The naga warrior constricts you.
You sock the naga warrior! You headbutt the naga warrior!
The naga warrior is heavily wounded.
The naga warrior hits you with a +0 trident!
The naga warrior constricts you.
You hit the naga warrior but do no damage.
You headbutt the naga warrior.
The naga warrior is heavily wounded.
The naga warrior spits poison at you. The splash of poison hits you.
You are poisoned.
You resist. The naga warrior constricts you.
You sock the naga warrior! You headbutt the naga warrior.
The naga warrior is heavily wounded.
You feel very sick.
The naga warrior hits you with a +0 trident!
The naga warrior constricts you!
You barely miss the naga warrior.
The naga warrior is heavily wounded.
You feel very sick.
You sock the naga warrior! Your headbutt misses the naga warrior.
The naga warrior is severely wounded.
You feel sick.
The naga warrior hits you with a +0 trident!
* * * LOW HITPOINT WARNING * * *
The naga warrior constricts you.
* * * LOW HITPOINT WARNING * * *
Your skin crawls.
You feel strong-willed.
You feel very sick.
The naga warrior hits you with a +0 trident!!
* * * LOW HITPOINT WARNING * * *
The naga warrior constricts you!
You die...

### .# .. #. .. .#
#. ##N #. #.## #.##
##..####.#
#..###.......#
#..#....####.# ..
#..@...## . #...N..#
### # #.....####
###..# #.....รท..#
...... ##......##
#......#
##..######........#
##..####..........
##.....).........
#....#..............


You could see a naga warrior.

Vanquished Creatures
  An anaconda (Snake:1)
  A salamander (Lair:2)
  Maurice (D:7)
  9 black mambas
  Maggie (Lair:2)
  4 cane toads
  A rime drake (D:8)
  A komodo dragon (Lair:1)
  A polar bear (D:8)
  Grinder (D:6)
  A raiju (Lair:1)
  7 blink frogs (Lair:1)
  10 yaks
  A wyvern (D:7)
  A basilisk (Lair:1)
  2 steam dragons
  4 water moccasins
  Duvessa (D:7)
  An orc warrior (D:8)
  3 black bears
  8 ice beasts
  4 ogres
  8 wolves
  3 kobold brigands
  Blork the orc (D:5)
  10 bullfrogs
  3 scorpions
  A burial acolyte (D:8)
  Dowan (D:7)
  5 killer bees (D:8)
  An electric eel (Lair:1)
  3 bombardier beetles
  6 hounds
  2 orc priests (D:5)
  3 jellies
  2 gnoll boudas
  8 iguanas
  8 orc wizards
  10 gnolls
  7 adders
  2 shadow imps (D:6)
  2 white imps
  8 ufetubi
  2 adder zombies (D:8)
  6 dart slugs
  2 ribbon worms
  28 orcs
  3 ball pythons
  4 bats
  12 endoplasms
  3 giant cockroaches
  A goblin (D:1)
  2 hobgoblins
  4 jackals (D:4)
  4 quokkas
  4 frilled lizards
  A jackal zombie (D:8)
  9 kobolds
  6 rats
249 creatures vanquished.

Vanquished Creatures (collateral kills)
  Jeremiah (D:7)
  2 yaks (Lair:2)
  2 water moccasins (Lair:2)
  2 wolves (Lair:2)
  A bullfrog (Lair:2)
  4 lava snakes (Lair:2)
12 creatures vanquished.

Vanquished Creatures (others)
  An orc (D:7)
1 creature vanquished.

Grand Total: 262 creatures vanquished

Notes
Turn   | Place    | Note
-------+----------+-------------------------------------------
     0 | D:1      | jkw2 the Minotaur Berserker began the quest for the Orb.
     0 | D:1      | Reached XP level 1. HP: 19/19 MP: 0/0
   169 | D:1      | Reached XP level 2. HP: 27/27 MP: 1/1
   181 | D:1      | Reached skill level 4 in Maces & Flails
   911 | D:2      | Reached ** piety under Trog
   958 | D:2      | Found Uxaestrao's Weapon Shoppe.
  1025 | D:2      | Reached XP level 3. HP: 33/33 MP: 2/2
  2085 | D:3      | Reached skill level 5 in Maces & Flails
  2085 | D:3      | Reached XP level 4. HP: 29/41 MP: 3/3
  2200 | D:3      | Reached skill level 1 in Stealth
  2200 | D:3      | Reached XP level 5. HP: 46/47 MP: 4/4
  2516 | D:3      | Found a shimmering altar of Xom.
  3036 | D:4      | Found a shadowy altar of Dithmenos.
  3221 | D:4      | Reached skill level 6 in Maces & Flails
  3221 | D:4      | Reached XP level 6. HP: 37/55 MP: 5/5
  3618 | D:4      | Reached *** piety under Trog
  3793 | D:5      | Entered Level 5 of the Dungeon
  3805 | D:5      | Identified the +4 mace of Hify {protect, +Blink rPois
                  | Will++}
  3851 | D:5      | Noticed Blork the orc
  3863 | D:5      | Killed Blork the orc
  3864 | D:5      | Reached skill level 5 in Fighting
  3970 | D:5      | Reached skill level 7 in Maces & Flails
  3976 | D:5      | Reached XP level 7. HP: 54/61 MP: 6/6
  3982 | D:5      | Reached skill level 5 in Armour
  4074 | D:5      | Found Oczihe Taqa's Magic Scroll Shoppe.
  4131 | D:5      | Reached skill level 8 in Maces & Flails
  4140 | D:5      | Bought a scroll of identify for 20 gold pieces
  4140 | D:5      | Bought a scroll of identify for 20 gold pieces
  4140 | D:5      | Bought a scroll of identify for 20 gold pieces
  4230 | D:5      | Reached XP level 8. HP: 69/70 MP: 7/7
  4245 | D:5      | Reached skill level 9 in Maces & Flails
  4379 | D:5      | Reached **** piety under Trog
  4948 | D:6      | Reached skill level 10 in Maces & Flails
  4991 | D:6      | Found a stormy altar of Qazlal.
  5068 | D:6      | Found an opulent altar of Gozag.
  5078 | D:6      | Noticed Grinder
  5109 | D:6      | Killed Grinder
  5110 | D:6      | Reached XP level 9. HP: 66/78 MP: 8/8
  5114 | D:6      | Reached skill level 11 in Maces & Flails
  5682 | D:7      | Noticed Maurice
  5686 | D:7      | Noticed Duvessa
  5689 | D:7      | Noticed Dowan
  5696 | D:7      | Maurice stole a +1 mace of protection
  5702 | D:7      | Killed Maurice
  5704 | D:7      | Reached skill level 12 in Maces & Flails
  5704 | D:7      | Killed Duvessa
  5705 | D:7      | Reached skill level 5 in Dodging
  5707 | D:7      | Killed Dowan
  5945 | D:7      | Found a staircase to the Ecumenical Temple.
  6291 | D:7      | Found a hide-covered altar of Uskayaw.
  6381 | D:7      | Noticed Jeremiah
  6404 | D:7      | Killed Jeremiah
  6405 | D:7      | Reached XP level 10. HP: 79/88 MP: 9/9
  6497 | D:8      | Found Gacsoetzucoi's Antique Weapon Shop.
  6861 | D:8      | Found a shimmering blue altar of Sif Muna.
  6985 | D:8      | Reached skill level 1 in Shields
  7028 | D:8      | Found a staircase to the Lair.
  7048 | D:8      | Reached ***** piety under Trog
  7051 | D:8      | Reached skill level 13 in Maces & Flails
  7542 | D:8      | Found an ancient bone altar of Kikubaaqudgha.
  7610 | Lair:1   | Entered Level 1 of the Lair of Beasts
  7884 | Lair:1   | Reached XP level 11. HP: 79/99 MP: 10/10
  8431 | Lair:1   | Reached skill level 14 in Maces & Flails
  8680 | Lair:1   | Reached skill level 10 in Fighting
  8820 | Lair:1   | Reached skill level 10 in Armour
  9645 | Lair:2   | You fall into a shaft and drop 1 floor!
  9787 | Lair:2   | Reached skill level 5 in Shields
  9884 | Lair:2   | Noticed Maggie
  9913 | Lair:2   | Killed Maggie
 10070 | Lair:2   | Reached skill level 1 in Evocations
 10326 | Lair:2   | Found a staircase to the Snake Pit.
 10907 | Snake:1  | Entered Level 1 of the Snake Pit
 10984 | Snake:1  | Gained mutation: You are dopey. (Int -2) [potion of
                  | mutation]
 10985 | Snake:1  | Lost mutation: You are dopey. (Int -2) [potion of mutation]
 10985 | Snake:1  | Gained mutation: You are weak. (Str -2) [potion of
                  | mutation]
 10985 | Snake:1  | Gained mutation: Your magical capacity is low. (-10% MP)
                  | [potion of mutation]
 10985 | Snake:1  | Gained mutation: Your magical capacity is very low. (-20%
                  | MP) [potion of mutation]
 11041 | Snake:1  | Noticed a nagaraja
 11047 | Snake:1  | Noticed a naga ritualist
 11048 | Snake:1  | Found a transporter.
 11048 | Snake:1  | Noticed a salamander tyrant
 11235 | Snake:1  | Noticed an anaconda
 11253 | Snake:1  | Killed an anaconda
 11254 | Snake:1  | Reached XP level 12. HP: 56/110 MP: 8/8
 11533 | Snake:1  | Constricted to death by a naga warrior

Illustrated notes

Levels and vault maps discovered:
D:1:      psy_arrival_conway, layout_basic, serial_bayou_lake_a
D:2:      layout_loops_corners, serial_shops, shop
D:3:      layout_basic, nicolae_overflow_hidden_temple
D:4:      layout_loops_ring, grunt_dithmenos_smoke
D:5:      minmay_chambers_of_threes, layout_loops_cross, serial_rivers,
          chequers_serial_rivers_marsh, chequers_serial_rivers_small_a,
          chequers_serial_rivers_small_b, chequers_serial_rivers_small_3,
          kennysheep_windowed_goal, uniq_blork_the_orc
D:6:      layout_cave_pools, amcnicky_altar_gilded, grunt_qazlal_clouds,
          uniq_grinder
D:7:      layout_rooms, mainiacjoe_overflow_alcove_1,
          minmay_temple_entry_junction_2, chequers_mini_garden, uniq_duvessa,
          uniq_maurice, uniq_jeremiah
D:8:      layout_loops_ring, mainiacjoe_overflow_cross_hatched,
          lemuel_zombie_altar_kikubaaqudgha, hellmonk_lair_entry_icy,
          serial_shops, nicolae_shop_hallway_stairs, nrook_mini_vaults
Lair:1:   layout_regular_city, st_stairs_3, disabler_island
Lair:2:   layout_loops_ring, nicolae_snake_entry_warm_welcome,
          grunt_megastairs_3, uniq_maggie
Lair:3:   layout_cave_pods, mainiacjoe_shoals_entry_four_pools,
          infiniplex_staircase_pool_2
Snake:1:  gammafunk_sealed_library, layout_chambers, serial_shops, shop,
          drop_trap

Skill      XL: |  1  2  3  4  5  6  7  8  9 10 11 |
---------------+----------------------------------+-----
Maces & Flails | 4 5 6 7 8 10 12 13 14 | 14.0
Fighting       | 4 5 6 8 9 11 | 11.6
Armour         | 3 4 5 7 8 9 11 | 11.5
Stealth        | 1 2 |  2.9
Dodging        | 3 4 5 6 7 |  7.9
Shields        | 3 6 |  6.8
Evocations     | 1 |  1.0

Action                     |  1- 3 |  4- 6 |  7- 9 | 10-12 || total
---------------------------+-------+-------+-------+-------++-------
  Melee: Mace              |    83 |    86 |   209 |   398 ||   776
         Headbutt          |     6 |    15 |    38 |    79 ||   138
         Unarmed           |     2 |       |       |       ||     2
 Invoke: Berserk           |       |     1 |     5 |     4 ||    10
         Brothers in Arms  |       |       |     1 |     2 ||     3
         Trog's Hand       |       |       |       |     1 ||     1
  Evoke: Wand              |     1 |       |       |     3 ||     4
    Use: Scroll            |       |     5 |     4 |     6 ||    15
         Potion            |       |       |       |     5 ||     5
 Armour: Animal skin       |     9 |       |       |       ||     9
         Ice dragon scales |    33 |    56 |   169 |   210 ||   468
         Skin              |     4 |       |       |       ||     4
         Steam dragon scal |       |       |       |   104 ||   104
  Dodge: Dodged            |    57 |    44 |   121 |   171 ||   393
  Block: Kite shield       |       |       |       |   140 ||   140
         Form:             |     1 |       |       |     1 ||     2
         Flux              |     1 |       |       |       ||     1
         Serpent           |       |       |       |     1 ||     1

Table legend: (Time is in decaauts)
 A = Elapsed time spent in this place.
 B = Non-inter-level travel time spent in this place.
 C = Inter-level travel time spent in this place.
 D = Time resting spent in this place.
 E = Time spent auto-exploring this place.
 F = Levels seen in this place.
 G = Mean time per level.
                   A        B        C        D        E       F      G
               +--------+--------+--------+--------+--------+-----+--------+
         Total |  11598 |  10828 |    770 |   1927 |   6799 |  12 |  966.5 |
       Dungeon |   7699 |   7097 |    602 |    568 |   5169 |   8 |  962.4 |
          Lair |   3281 |   3139 |    142 |   1052 |   1528 |   3 | 1093.7 |
     Snake Pit |    617 |    592 |     25 |    307 |    102 |   1 |  617.0 |
               +--------+--------+--------+--------+--------+-----+--------+

Top non-repeatable levels by time:
  Lair:1: 1987 daAuts
     D:2: 1182 daAuts
  Lair:2: 1161 daAuts
     D:5: 1160 daAuts
     D:8: 1130 daAuts
     D:3: 985 daAuts
     D:1: 926 daAuts
     D:7: 805 daAuts
     D:4: 760 daAuts
     D:6: 747 daAuts
 Snake:1: 617 daAuts
  Lair:3: 132 daAuts
